 Dungeon Crawl Stone Soup version 0.30-b1-2-g02819fbbbe (webtiles) character file.

Game seed: 6477217441905424256

8041 Metae the Protected (level 11, 0/99 HPs)
             Began as a Minotaur Fighter on July 7, 2023.
             Was a Follower of Uskayaw.
             Slain by a vampire (3 damage)
             ... on level 10 of the Dungeon.
             The game lasted 00:19:23 (8754 turns).

Metae the Protected (Minotaur Fighter)              Turns: 8754, Time: 00:19:24

Health: 0/99       AC: 14    Str: 24    XL:     11   Next: 4%
Magic:  12/12      EV: 16    Int:  5    God:    Uskayaw [*.....]
Gold:   545        SH:  6    Dex: 11    Spells: 10/10 levels left

rFire   . . .        b - +1 flail (drain)
rCold   . . .        c - +0 buckler
rNeg    . . .        o - +0 chain mail
rPois   .            (helmet restricted)
rElec   .            A - +0 cloak
rCorr   .            (no gloves)
SInv    .            i - +0 pair of boots
Will    +....        (no amulet) Stlth
                     p - +5 ring of evasion
HPRegen 0.36/turn    I - ring of willpower
MPRegen 0.13/turn

%: no passive effects
@: no status effects
A: horns 2, retaliatory headbutt
a: Renounce Religion, Stomp


You were on level 10 of the Dungeon.
You worshipped Uskayaw.
Uskayaw was noncommittal.
You visited 2 branches of the dungeon, and saw 11 of its levels.

You collected 545 gold pieces.

Inventory:

Hand Weapons
 a - a +0 trident
 b - a +1 flail of draining (weapon)
Missiles
 w - 18 poisoned darts (quivered)
 F - 3 javelins
 K - 5 throwing nets
Armour
 c - a +0 buckler (worn)
 i - a +0 pair of boots (worn)
 o - a +0 chain mail (worn)
 A - a +0 cloak (worn)
 J - an orb of wrath
Jewellery
 j - a ring of fire
 p - a +5 ring of evasion (left hand)
 s - a +6 ring of dexterity
 I - a ring of willpower (right hand)
 O - a +4 ring of protection
Wands
 l - a wand of paralysis (7)
 v - a wand of roots (15)
 y - a wand of digging (2)
 P - a wand of mindburst (6)
Scrolls
 e - 3 scrolls of enchant armour
 g - 2 scrolls of immolation {unknown}
 h - 2 scrolls of enchant weapon
 m - 3 scrolls of fear
 r - 2 scrolls of noise {unknown}
 u - 2 scrolls of butterflies
 x - a scroll of vulnerability {unknown}
 z - a scroll of silence {unknown}
 B - a scroll of brand weapon {unknown}
 D - a scroll of acquirement {unknown}
 E - 2 scrolls of teleportation {unknown}
 G - a scroll of identify
 H - 2 scrolls of magic mapping {unknown}
 Q - a scroll of blinking {unknown}
Potions
 d - a potion of might
 f - 4 potions of curing
 k - a potion of ambrosia {unknown}
 n - 5 potions of brilliance
 q - a potion of invisibility
 t - 2 potions of cancellation {unknown}
 C - 2 potions of lignification {unknown}
 L - 3 potions of haste {unknown}
 M - 2 potions of attraction {unknown}
 R - 2 potions of degeneration {unknown}
Miscellaneous
 S - a tin of tremorstones (2/2)


   Skills:
 + Level 9.7 Fighting
 + Level 7.0 Maces & Flails
 - Level 5.8 Polearms
 + Level 9.8 Armour
 + Level 8.1 Dodging
 + Level 9.7 Shields
 + Level 3.4 Invocations


You had 10 spell levels left.
You didn't know any spells.
Your spell library contained the following spells:

 Spells                   Type           Power      Damage    Failure   Level
 Foxfire                  Conj/Fire      0%         2x1d4     95%         1
 Magic Dart               Conj           0%         1d3       95%         1
 Call Imp                 Summ           0%         N/A       99%         2
 Scorch                   Fire           0%         2d5       99%         2
 Static Discharge         Conj/Air       0%         2-2/arc   99%         2
 Inner Flame              Hex/Fire       0%         N/A       100%        3
 Mephitic Cloud           Conj/Pois/Air  0%         N/A       100%        3
 Tukima's Dance           Hex            0%         N/A       100%        3
 Airstrike                Air            0%         2d(0-16)  100%        4
 Flame Wave               Conj/Fire      0%         2d4       100%        4
 Leda's Liquefaction      Hex/Erth       0%         N/A       100%        4
 Passage of Golubria      Tloc           0%         N/A       100%        4
 Sticky Flame             Conj/Fire      0%         2d3       100%        4
 Summon Lightning Spire   Summ/Air       0%         N/A       100%        4
 Fireball                 Conj/Fire      0%         3d3       100%        5
 Lee's Rapid Deconstruct  Erth           0%         3d4*      100%        5
 Yara's Violent Unravell  Hex/Tmut       0%         3d3       100%        5
 Plasma Beam              Fire/Air       0%         2x1d11    100%        6
 Starburst                Conj/Fire      0%         6d3       100%        6
 Statue Form              Tmut/Erth      0%         N/A       100%        6
 Summon Cactus Giant      Summ           0%         N/A       100%        6


Dungeon Overview and Level Annotations

Branches:
Dungeon (10/15)            Temple (1/1) D:7             Orc (0/2) D:10
   Lair: D:8-11

Altars:
Ashenzari
Cheibriados
Dithmenos
Fedhas
Gozag
Hepliaklqana
Makhleb
Nemelex Xobeh
Okawaru
Qazlal
Ru
Sif Muna
Trog
Uskayaw
Vehumet
Wu Jian
Xom
Yredelemnul
Zin
The Shining One


Innate Abilities, Weirdness & Mutations

You have a pair of horns on your head.
You reflexively headbutt those who attack you in melee.


Message History

You feel much better. Something hits you but does no damage.
Something bites you.
Something draws strength from your injuries!
You closely miss something. Something hits you but does no damage.
Something bites you but does no damage.
You barely miss something.
You hear some strange, mumbled words.
Something tries to affect you, but you resist.
Something hits you. Something bites you.
Something draws strength from your injuries!
You closely miss something. Your headbutt misses something. Something hits you.
Something barely misses you.
You hit something but do no damage. Your headbutt misses something.
Something hits you.
* * * LOW HITPOINT WARNING * * *
Something bites you but does no damage.
You miss something. You headbutt something.
Something hits you but does no damage. Something bites you but does no damage.
You hit something but do no damage. Your headbutt misses something.
Something hits you.
* * * LOW HITPOINT WARNING * * *
Something bites you!
* * * LOW HITPOINT WARNING * * *
Something draws strength from your injuries!
You barely miss something. Something hits you but does no damage.
Something bites you but does no damage.
You closely miss something.
You hear some strange, mumbled words.
Something tries to affect you, but you resist.
You miss something. Something hits you but does no damage. Something bites you!
* * * LOW HITPOINT WARNING * * *
Something draws strength from your injuries!
You miss something. Your headbutt misses something.
Something closely misses you. Something bites you.
* * * LOW HITPOINT WARNING * * *
Something draws strength from your injuries!
You hit something. Your headbutt misses something. Something hits you.
* * * LOW HITPOINT WARNING * * *
Something bites you.
You die...

#......... .....#...
#........# #........
#........# #........
#........# ##..(.....
#........##+####.....#...
#................#..###..
#........#....<..##.....#
#.......{#...............
#.......@#......######+##
#.####...#......#........
#.####..........#........
#..............)#........
#...............#........
#...............#########
#........................
#.........####...........
#.........# #.)...#####.


There were no monsters in sight!

Vanquished Creatures
  Harold (D:9)
  Pikel (D:4)
  A cyclops (D:7)
  2 komodo dragons
  A hornet (D:9)
  2 trolls (D:9)
  Sigmund (D:3)
  4 yaks (D:9)
  A vampire (D:7)
  A shadow (D:9)
  2 wraiths
  A water moccasin (D:6)
  2 orc warriors
  3 ice beasts
  2 sky beasts
  An ogre (D:5)
  5 centaurs
  3 phantoms
  A kobold brigand (D:9)
  2 bullfrogs
  A scorpion (D:5)
  Blork the orc (D:4)
  3 gnoll sergeants
  14 wights
  11 killer bees (D:9)
  3 howler monkeys (D:9)
  4 hounds
  2 orc priests
  A gnoll bouda (D:8)
  2 iguanas
  2 sleepcaps
  4 orc wizards
  Robin (D:3)
  6 adders
  23 gnolls
  2 shadow imps
  2 white imps
  2 ufetubi
  2 dart slugs
  21 orcs
  11 ball pythons
  8 bats
  5 endoplasms
  5 giant cockroaches
  14 goblins
  10 hobgoblins
  7 jackals
  8 kobolds
  6 quokkas
  3 frilled lizards
  10 rats
231 creatures vanquished.

Vanquished Creatures (others)
  2 plants
2 creatures vanquished.

Grand Total: 233 creatures vanquished

Notes
Turn   | Place    | Note
-------+----------+-------------------------------------------
     0 | D:1      | Metae the Minotaur Fighter began the quest for the Orb.
     0 | D:1      | Reached XP level 1. HP: 19/19 MP: 0/0
   220 | D:1      | Reached XP level 2. HP: 27/27 MP: 1/1
   567 | D:1      | Reached skill level 1 in Dodging
   749 | D:1      | Reached XP level 3. HP: 33/33 MP: 2/2
   751 | D:1      | Found a faded altar of an unknown god.
  1290 | D:2      | Reached XP level 4. HP: 39/40 MP: 3/3
  1987 | D:3      | Noticed Sigmund
  2007 | D:3      | Killed Sigmund
  2008 | D:3      | Reached XP level 5. HP: 47/47 MP: 4/4
  2008 | D:3      | Reached XP level 6. HP: 55/55 MP: 5/5
  2126 | D:3      | Found a glowing golden altar of the Shining One.
  2149 | D:3      | Reached skill level 5 in Fighting
  2149 | D:3      | Reached skill level 5 in Armour
  2149 | D:3      | Reached skill level 5 in Shields
  2165 | D:3      | Noticed Robin
  2185 | D:3      | Killed Robin
  2560 | D:4      | Noticed Pikel
  2571 | D:4      | Killed Pikel
  2572 | D:4      | Reached skill level 5 in Polearms
  2572 | D:4      | Reached XP level 7. HP: 55/62 MP: 6/6
  2735 | D:4      | Noticed Blork the orc
  2741 | D:4      | Killed Blork the orc
  3412 | D:5      | Entered Level 5 of the Dungeon
  3492 | D:5      | Reached XP level 8. HP: 60/70 MP: 7/7
  3709 | D:5      | Found a shimmering blue altar of Sif Muna.
  3746 | D:5      | Found a bloodstained altar of Trog.
  3920 | D:5      | Reached skill level 1 in Maces & Flails
  4097 | D:6      | Reached skill level 5 in Dodging
  4323 | D:6      | Reached XP level 9. HP: 70/79 MP: 8/8
  4562 | D:6      | Found a sparkling altar of Nemelex Xobeh.
  4587 | D:6      | Found a hazy altar of Hepliaklqana.
  4591 | D:6      | Found a snail-covered altar of Cheibriados.
  4687 | D:6      | Found a stormy altar of Qazlal.
  5378 | D:7      | Found a burning altar of Makhleb.
  5378 | D:7      | Found a basalt altar of Yredelemnul.
  5681 | D:7      | Noticed a komodo dragon
  5723 | D:7      | Noticed a cyclops
  5729 | D:7      | Killed a cyclops
  5730 | D:7      | Reached skill level 5 in Maces & Flails
  5751 | D:7      | Killed a komodo dragon
  5752 | D:7      | Reached XP level 10. HP: 61/90 MP: 9/9
  5980 | D:7      | Found a staircase to the Ecumenical Temple.
  5986 | Temple   | Entered the Ecumenical Temple
  6060 | Temple   | Became a worshipper of Uskayaw the Reveller
  6204 | D:8      | Reached * piety under Uskayaw
  6238 | D:8      | Reached ** piety under Uskayaw
  6338 | D:8      | Reached *** piety under Uskayaw
  6339 | D:8      | Reached **** piety under Uskayaw
  6347 | D:8      | Reached ***** piety under Uskayaw
  6350 | D:8      | Found an ornate altar of the Wu Jian Council.
  6531 | D:8      | Found a broken altar of Ashenzari.
  6649 | D:8      | Reached skill level 1 in Invocations
  6752 | D:8      | You fall into a shaft and drop 2 floors!
  6752 | D:10     | Entered Level 10 of the Dungeon
  6752 | D:10     | Found a staircase to the Orcish Mines.
  7341 | D:8      | Found an iron altar of Okawaru.
  7401 | D:8      | Found a sacrificial altar of Ru.
  7747 | D:9      | Noticed Harold
  7756 | D:9      | Killed Harold
  7941 | D:9      | Reached XP level 11. HP: 48/99 MP: 12/12
  8754 | D:10     | HP: 3/99 [something (5)]
  8754 | D:10     | Slain by a vampire

Illustrated notes

Levels and vault maps discovered:
D:1:      scummos_arrival_forest, layout_basic,
          shapermc_ecumenical_altar_hornbeckon
D:2:      layout_loops_ring, amethyst_killhole
D:3:      layout_loops_ring, general_overflow_altar, uniq_sigmund, uniq_robin
D:4:      layout_cave_pods, serial_column_ruins, column_ruins_open_tiny,
          column_ruins_grid_3, column_ruins_columns_straight,
          column_ruins_open_tiny, column_ruins_columns_corner,
          column_ruins_corridor_corner, column_ruins_open_small,
          kennysheep_minor_cross, nicolae_elevator_lobby_asterisk, uniq_pikel,
          uniq_blork_the_orc
D:5:      layout_basic, nzn_overflow_gifts_of_might_and_magic
D:6:      layout_basic, nicolae_qazlal_scattered_showers,
          gammafunk_temple_overflow_forgotten, grunt_decor_mini_mirrors,
          nicolae_figureground_sparkle
D:7:      minmay_chambers_of_sixes, layout_cave_pools,
          gammafunk_temple_overflow_pools, minmay_temple_entry_enclosed_plants,
          serial_glass, glass_columns_c, glass_columns_c, glass_columns_a,
          glass_columns_a, glass_columns_c, glass_columns_c,
          minmay_strange_pillars, minmay_strange_pillars, feat_on_display
D:8:      layout_basic, nicolae_overflow_crystal_walls, lemuel_doored_altar,
          nicolae_ru_path_of_blood, kennysheep_mini
D:9:      layout_cave_pools, roderic_serpentine_path, minivault_21, uniq_harold
D:10:     nicolae_cairo_tiling_large_dashed, layout_stronghold, orc_0_dummy
Temple:   nicolae_temple_bog_church

Skill      XL: |  1  2  3  4  5  6  7  8  9 10 |
---------------+-------------------------------+-----
Dodging        | 1 2 3 4 5 6 8 |  8.1
Armour         | 4 5 6 7 8 9 |  9.8
Fighting       | 4 5 6 7 8 9 |  9.7
Shields        | 4 5 6 7 8 9 |  9.7
Polearms       | 3 4 5 |  5.8
Maces & Flails | 2 5 7 |  7.0
Invocations    | 3 |  3.4

Action                     |  1- 3 |  4- 6 |  7- 9 | 10-12 || total
---------------------------+-------+-------+-------+-------++-------
  Melee: Trident           |   104 |   118 |    66 |       ||   288
         Headbutt          |    10 |    18 |    64 |    42 ||   134
         Flail             |       |       |   175 |   195 ||   370
  Evoke: Wand              |       |       |       |     1 ||     1
    Use: Scroll            |       |       |     6 |     1 ||     7
         Potion            |       |       |       |     2 ||     2
   Stab: Paralysed         |       |       |       |    13 ||    13
 Armour: Scale mail        |    42 |     6 |       |       ||    48
         Chain mail        |       |    33 |    93 |    64 ||   190
  Dodge: Dodged            |    42 |    79 |   193 |   159 ||   473
  Block: Buckler           |    17 |    25 |   106 |    71 ||   219
